 Dungeon Crawl Stone Soup version 0.23.0 (webtiles) character file.

Game seed: 2042627327967188174

301 tidbits the Charmwright (level 6, -5/50 HPs)
             Began as a Gnoll Skald on Feb 11, 2019.
             Killed by divine providence
             ... invoked by an orc priest
              (15 damage)
             ... on level 5 of the Dungeon.
             The game lasted 00:04:52 (582 turns).

tidbits the Charmwright (Gnoll Skald)                Turns: 582, Time: 00:04:54

Health: -5/50      AC:  3    Str: 18    XL:     6   Next: 37%
Magic:  3/14       EV: 14    Int: 17    God:
Gold:   55         SH:  0    Dex: 15    Spells: 4/15 levels left

rFire    . . .     SeeInvis .   a - +0 spear
rCold    . . .     Gourm    .   (no shield)
rNeg     . . .     Faith    .   b - +0 leather armour
rPois    .         Spirit   .   (no helmet)
rElec    .         Reflect  .   (no cloak)
rCorr    .         Harm     .   (no gloves)
MR       .....                  (no boots)
Stlth    ++........             (no amulet)
HPRegen  0.16/turn              (no ring)
MPRegen  0.14/turn              (no ring)

@: mighty
A: distributed training, fangs 1, strong nose
a: no special abilities


You were on level 5 of the Dungeon.
You were not hungry.

You visited 1 branch of the dungeon, and saw 5 of its levels.

You collected 55 gold pieces.

Inventory:

Hand Weapons
 a - a +0 spear (weapon)
 q - a +0 flail
Missiles
 f - 3 tomahawks (quivered)
 k - a stone
Armour
 b - a +0 leather armour (worn)
 p - a +0 ring mail
 r - a +0 ring mail
Wands
 l - a wand of acid (5)
Scrolls
 c - a scroll of noise {unknown}
 i - 2 scrolls of amnesia {unknown}
 j - a scroll of blinking {unknown}
 o - a scroll of identify {unknown}
 t - a scroll of teleportation
Potions
 e - a potion of curing {unknown}
 g - a potion of flight {unknown}
 h - a potion of heal wounds {unknown}
 m - a potion of degeneration {unknown}
 n - a potion of might
Comestibles
 d - 3 rations


   Skills:
 + Level 4.9 Fighting
 + Level 1.9 Short Blades
 + Level 1.9 Long Blades
 + Level 1.9 Axes
 + Level 1.9 Maces & Flails
 + Level 4.9 Polearms
 + Level 1.9 Staves
 + Level 1.9 Slings
 + Level 1.9 Bows
 + Level 1.9 Crossbows
 + Level 1.9 Throwing
 + Level 3.2 Armour
 + Level 4.9 Dodging
 + Level 1.9 Stealth
 + Level 1.9 Shields
 + Level 1.9 Unarmed Combat
 + Level 5.3 Spellcasting
 + Level 1.5 Conjurations
 + Level 1.5 Hexes
 + Level 5.6 Charms
 + Level 1.5 Summonings
 + Level 1.5 Necromancy
 + Level 1.5 Translocations
 + Level 1.5 Transmutations
 + Level 1.5 Fire Magic
 + Level 1.5 Ice Magic
 + Level 1.5 Air Magic
 + Level 1.5 Earth Magic
 + Level 1.5 Poison Magic
 + Level 2.1 Invocations
 + Level 1.9 Evocations


You had 4 spell levels left.
You knew the following spells:

 Your Spells              Type           Power        Failure   Level  Hunger
g - Shroud of Golubria    Chrm/Tloc      ###.......   5%          2    #......
i - Infusion              Chrm           ###.         1%          1    None
r - Regeneration          Chrm/Necr      ###.......   11%         3    ##.....
w - Spectral Weapon       Hex/Chrm       ###.....     11%         3    ##.....
y - Song of Slaying       Chrm           ###.....     2%          2    #......

Your spell library contained the following spells:

 Spells                   Type           Power        Failure   Level  Hunger


Dungeon Overview and Level Annotations

Branches:
Dungeon (5/15)
 Temple: D:4-7

Altars:


Innate Abilities, Weirdness & Mutations

Your experience applies equally to all skills.
You have very sharp teeth.
Your uncanny sense of smell can sniff out nearby items.


Message History

Attack whom?
Press: ? - help, Dir - move target cursor, f/p - phantom
Aim: a phantom (almost destroyed)
You reach to attack!
You hit the phantom but do no damage.
The phantom is almost destroyed.
Your spectral weapon closely misses the phantom.
You closely miss the phantom.
The phantom is almost destroyed.
Your spectral weapon misses the phantom.
The phantom hits you!
* * * LOW HITPOINT WARNING * * *
You hit the phantom.
The phantom is almost destroyed.
Your spectral weapon closely misses the phantom.
The phantom barely misses you.
You barely miss the phantom.
The phantom is almost destroyed.
Your spectral weapon hits the phantom from afar.
You destroy the phantom!
Your Armour skill increases to level 3!
Your Invocations skill increases to level 2!
You have reached level 6!
Your experience leads to an increase in your attributes!
Increase (S)trength, (I)ntelligence, or (D)exterity?
You feel clever.
Casting: Spectral Weapon (safe; 13% risk of failure)
Confirm with . or Enter, or press ? or * to list all spells.
Your skin crawls.
Unknown command.
Your spectral weapon fades away.
Found 15 poisoned needles.
Unknown command.
You see here a tomahawk.
f - 2 tomahawks (gained 1)
Your skin is crawling a little less now.
You see here a tomahawk.
f - 3 tomahawks (gained 1)
Your skin stops crawling.
Unknown command.
Found a stone staircase leading down.
There is a stone staircase leading down here.
You climb downwards.
Found a black potion.
Found two stone staircases leading up.
There is a stone staircase leading up here.
Found 14 gold pieces.
An orc priest comes into view. It is wielding a -1 short sword.
The orc priest shouts!
A bullfrog comes into view.
The orc priest moves out of view.
Found a stone staircase leading down.
Unknown command.
Unknown command.
The bullfrog gives a loud, deep croak!
Unknown command.
The orc priest calls down the wrath of Beogh upon you.
Beogh smites you!
* * * LOW HITPOINT WARNING * * *
An orc comes into view. It is wielding a +0 hand axe.
You hear a shout! x2
You see here a black potion.
It was a potion of might.
You feel very mighty all of a sudden.
An orc wizard comes into view. It is wielding a -3 dagger.
The bullfrog closely misses you. The bullfrog hits you.
* * * LOW HITPOINT WARNING * * *
Unknown command.
Casting: Regeneration (safe; 12% risk of failure)
Confirm with . or Enter, or press ? or * to list all spells.
You draw out your weapon's spirit!
The bullfrog closely misses you.
The orc priest hits your spectral weapon with a cursed -1 short sword!
Your spectral weapon shares its damage with you!
* * * LOW HITPOINT WARNING * * *
The bullfrog misses you.
Unknown command.
You closely miss the bullfrog.
Your spectral weapon misses the bullfrog.
The bullfrog barely misses you.
The orc priest hits your spectral weapon with a cursed -1 short sword.
You puncture the bullfrog! You bite the bullfrog!
The bullfrog is severely wounded.
Your spectral weapon hits the bullfrog!
You kill the bullfrog!
You swap places.
Unknown command.
You hit the orc priest. You bite the orc priest.
The orc priest is moderately wounded.
Your spectral weapon hits the orc priest but does no damage.
The orc priest calls down the wrath of Beogh upon you.
Pain shoots through your body!
* * * LOW HITPOINT WARNING * * *
You closely miss the orc priest. Your bite misses the orc priest.
The orc priest is moderately wounded.
Your spectral weapon hits the orc priest from afar.
The orc wizard casts a spell.
The orc wizard seems to speed up.
The orc priest calls down the wrath of Beogh upon you.
Beogh smites you!
You die...

## ## .# .
####.#.###
#..#.#<...
#..#...# ###+
#....# .....
#.<#.# .....
#....#
......#o@(.# .
......#o####....
..o....o....>...
o....##.#######.
..$. #.# ### .<.
#####


You could see an orc priest, an orc wizard, an orc and a friendly spectral +0
spear.

Vanquished Creatures
  A phantom (D:4)
  A bullfrog (D:5)
  A centaur skeleton (D:4)
  An orc wizard (D:4)
  A hound zombie (D:4)
  3 adders
  An ooze (D:3)
  5 worms
  A leopard gecko (D:3)
  6 orcs (D:4)
  2 giant cockroaches (D:2)
  A goblin (D:2)
  A hobgoblin (D:2)
  A frilled lizard (D:4)
  3 kobolds
  A rat (D:3)
30 creatures vanquished.

Notes
Turn   | Place    | Note
-------+----------+-------------------------------------------
     0 | D:1      | tidbits the Gnoll Skald began the quest for the Orb.
     0 | D:1      | Reached XP level 1. HP: 20/20 MP: 6/6
   133 | D:2      | Reached XP level 2. HP: 25/26 MP: 3/7
   134 | D:2      | Found a faded altar of an unknown god.
   145 | D:2      | Learned a level 2 spell: Song of Slaying
   148 | D:2      | Learned a level 2 spell: Shroud of Golubria
   184 | D:2      | Noticed an ogre
   264 | D:2      | Reached XP level 3. HP: 31/31 MP: 5/9
   269 | D:2      | Learned a level 3 spell: Regeneration
   273 | D:2      | Learned a level 3 spell: Spectral Weapon
   303 | D:3      | Reached skill level 5 in Spellcasting
   326 | D:3      | Reached skill level 1 in Invocations
   407 | D:4      | Reached skill level 1 in Short Blades
   407 | D:4      | Reached skill level 1 in Long Blades
   407 | D:4      | Reached skill level 1 in Axes
   407 | D:4      | Reached skill level 1 in Maces & Flails
   407 | D:4      | Reached skill level 1 in Staves
   407 | D:4      | Reached skill level 1 in Slings
   407 | D:4      | Reached skill level 1 in Bows
   407 | D:4      | Reached skill level 1 in Crossbows
   407 | D:4      | Reached skill level 1 in Throwing
   407 | D:4      | Reached skill level 1 in Stealth
   407 | D:4      | Reached skill level 1 in Shields
   407 | D:4      | Reached skill level 1 in Unarmed Combat
   407 | D:4      | Reached skill level 1 in Evocations
   412 | D:4      | Reached XP level 4. HP: 38/38 MP: 2/11
   433 | D:4      | Reached skill level 1 in Conjurations
   433 | D:4      | Reached skill level 1 in Hexes
   433 | D:4      | Reached skill level 1 in Summonings
   433 | D:4      | Reached skill level 1 in Necromancy
   433 | D:4      | Reached skill level 1 in Translocations
   433 | D:4      | Reached skill level 1 in Transmutations
   433 | D:4      | Reached skill level 1 in Fire Magic
   433 | D:4      | Reached skill level 1 in Ice Magic
   433 | D:4      | Reached skill level 1 in Air Magic
   433 | D:4      | Reached skill level 1 in Earth Magic
   433 | D:4      | Reached skill level 1 in Poison Magic
   501 | D:4      | Reached XP level 5. HP: 33/43 MP: 1/12
   513 | D:4      | Noticed a phantom
   536 | D:4      | Killed a phantom
   536 | D:4      | Reached skill level 3 in Armour
   536 | D:4      | Reached skill level 2 in Invocations
   536 | D:4      | Reached XP level 6. HP: 16/50 MP: 3/13
   566 | D:5      | Entered Level 5 of the Dungeon
   581 | D:5      | HP: 10/50 [orc priest/nerve-wracking pain (9)]
   582 | D:5      | Killed from afar by an orc priest

Skill      XL: |  1  2  3  4  5 |
---------------+----------------+-----
Spellcasting   | 5 |  5.3
Invocations    | 1 2 |  2.1
Short Blades   | 1 |  1.9
Long Blades    | 1 |  1.9
Axes           | 1 |  1.9
Maces & Flails | 1 |  1.9
Staves         | 1 |  1.9
Slings         | 1 |  1.9
Bows           | 1 |  1.9
Crossbows      | 1 |  1.9
Throwing       | 1 |  1.9
Stealth        | 1 |  1.9
Shields        | 1 |  1.9
Unarmed Combat | 1 |  1.9
Evocations     | 1 |  1.9
Conjurations   | 1 |  1.5
Hexes          | 1 |  1.5
Summonings     | 1 |  1.5
Necromancy     | 1 |  1.5
Translocations | 1 |  1.5
Transmutations | 1 |  1.5
Fire Magic     | 1 |  1.5
Ice Magic      | 1 |  1.5
Air Magic      | 1 |  1.5
Earth Magic    | 1 |  1.5
Poison Magic   | 1 |  1.5
Armour         | 3 |  3.2
Fighting       | |  4.9
Polearms       | |  4.9
Dodging        | |  4.9
Charms         | |  5.6

Action                   |  1- 3 |  4- 6 || total
-------------------------+-------+-------++-------
Melee: Spear             |    51 |    48 ||    99
       Bite              |     8 |     5 ||    13
Throw: Tomahawk          |     3 |     2 ||     5
 Cast: Infusion          |     3 |       ||     3
       Spectral Weapon   |     4 |     5 ||     9
       Shroud of Golubri |     1 |       ||     1
       Song of Slaying   |       |     1 ||     1
       Regeneration      |       |     1 ||     1
Evoke: Wand              |       |     1 ||     1
  Use: Scroll            |     1 |       ||     1
       Potion            |       |     1 ||     1
 Stab: Sleeping          |     1 |       ||     1
  Eat: Ration            |     1 |       ||     1
Armor: Leather armour    |     1 |     4 ||     5
Dodge: Dodged            |    24 |    22 ||    46

Table legend:
 A = Turns spent in this place as a percentage of turns spent in the entire game.
 B = Non-inter-level travel turns spent in this place as a percentage of non-inter-level travel turns spent in the entire game.
 C = Inter-level travel turns spent in this place as a percentage of turns spent in this place.
 D = Turns resting spent in this place as a percentage of non-inter-level travel turns spent in this place.
 E = Turns spent auto-exploring this place as a percentage of non-inter-level travel turns spent in this place.
 F = Non-inter-level travel turns spent in this place divided by the number of levels of this place that you've seen.
                   A       B       C       D       E      F
               +-------+-------+-------+-------+-------+----------------------
         Total | 100.0 | 100.0 |   0.0 |   0.0 |   0.0 | 116.4
       Dungeon | 100.0 | 100.0 |   0.0 |   0.0 |   0.0 | 116.4
               +-------+-------+-------+-------+-------+----------------------

Table legend:
 A = Kills in this place as a percentage of kills in entire the game.
 B = Kills by you in this place as a percentage of kills by you in the entire game.
 C = Kills by friends in this place as a percentage of kills by friends in the entire game.
 D = Other kills in this place as a percentage of other kills in the entire game.
 E = Experience gained in this place as a percentage of experience gained in the entire game.
 F = Experience gained in this place divided by the number of levels of this place that you have seen.
                   A       B       C       D       E      F
               +-------+-------+-------+-------+-------+----------------------
         Total | 100.0 | 100.0 |   N/A |   N/A | 100.0 |  86.0
       Dungeon | 100.0 | 100.0 |   N/A |   N/A | 100.0 |  86.0
               +-------+-------+-------+-------+-------+----------------------

Levels and vault maps discovered:
D:1:      saegor_arrival_under_anarchy, layout_loops_corners
D:2:      layout_loops_ring, chequers_ecumenical_altar_simple_redux
D:3:      layout_loops_ring
D:4:      layout_basic, minmay_temple_entry_poolview, serial_shops, shop,
          serial_park_tiny_2
D:5:      layout_basic, first_ration, ebering_ghost_disaster_area,
          bloody_makhleb, uniq_ijyb, uniq_pikel, uniq_sigmund
